 Dungeon Crawl Stone Soup version 0.23-a0-208-gb6b040f (webtiles) character file.

4637 tilp the Spear-Bearer (level 10, -1/108 HPs)
             Began as a Merfolk Ice Elementalist on Sept 24, 2018.
             Was a Believer of Makhleb.
             Succumbed to a hornet's poison
             ... while paralysed by a hornet
             ... on level 9 of the Dungeon on Sept 25, 2018.
             The game lasted 00:31:01 (12169 turns).

tilp the Spear-Bearer (Merfolk Ice Elementalist)   Turns: 12169, Time: 00:31:02

Health: -1/108     AC:  8    Str: 16    XL:     10   Next: 43%
Magic:  11/16      EV:  2    Int: 19    God:    Makhleb [**....]
Gold:   600        SH:  0    Dex: 16    Spells: 12/18 levels left

rFire    . . .     SeeInvis .   p - +0 halberd
rCold    . . .     Gourm    .   (shield currently unavailable)
rNeg     . . .     Faith    .   a - +0 robe
rPois    .         Spirit   .   (no helmet)
rElec    .         Reflect  +   l - +2 cloak
rCorr    .         Harm     .   v - +2 pair of gloves
MR       .....                  (no boots)
Stlth    ..........             g - +3 amulet of reflection
HPRegen  0.28/turn              w - +2 ring of dexterity
MPRegen  0.15/turn              t - +3 ring of strength

@: paralysed, berserking, lethally poisoned (-1 -> -28), slowed
A: change form in water, swift swim, stealthy swim
a: Minor Destruction, Renounce Religion


You were on level 9 of the Dungeon.
You worshipped Makhleb.
Makhleb was pleased with you.
You were not hungry.

You visited 2 branches of the dungeon, and saw 10 of its levels.

You collected 600 gold pieces.

Inventory:

Hand Weapons
 k - a +1 spear
 m - a +1 whip of freezing
 p - a +0 halberd (weapon)
Missiles
 u - 8 tomahawks
 x - 7 javelins (quivered)
Armour
 a - a +0 robe (worn)
 l - a +2 cloak (worn)
 v - a +2 pair of gloves (worn)
Jewellery
 g - a +3 amulet of reflection (around neck)
 o - an uncursed ring of positive energy
 t - a +3 ring of strength (right hand)
 w - a +2 ring of dexterity (left hand)
 A - an uncursed ring of wizardry {unknown}
 B - an uncursed ring of stealth {unknown}
Wands
 r - a wand of iceblast (13)
 y - a wand of flame (29)
 C - a wand of enslavement (7)
 D - a wand of acid (10)
Scrolls
 b - 6 scrolls of fog
 e - 7 scrolls of teleportation
 f - 4 scrolls of remove curse
 h - a scroll of enchant weapon
 i - a scroll of magic mapping
 j - a scroll of identify
 q - 2 scrolls of immolation
 z - a scroll of fear {unknown}
 E - a scroll of blinking {unknown}
 H - 2 scrolls of amnesia
Potions
 d - a potion of berserk rage
 n - a potion of flight
 s - a potion of cancellation
 G - 2 potions of resistance
Comestibles
 c - 7 rations
 F - 8 chunks of flesh


   Skills:
 + Level 4.2 Fighting
 * Level 12.5 Polearms
 + Level 6.3 Dodging
 - Level 2.1 Stealth
 + Level 4.6 Spellcasting
 - Level 2.0 Conjurations
 - Level 4.0 Charms
 - Level 6.0 Ice Magic
 + Level 4.7 Invocations
 - Level 4.0 Evocations


You had 12 spell levels left.
You knew the following spells:

 Your Spells              Type           Power        Failure   Level  Hunger
a - Freeze                Ice            ####         1%          1    None
b - Throw Frost           Conj/Ice       ###...       3%          2    #......
c - Ozocubu's Armour      Chrm/Ice       ###.....     4%          3    ###....

Your spell library contained the following spells:

 Spells                   Type           Power        Failure   Level  Hunger
 Sandblast                Erth           #.....       13%         1    None
 Passwall                 Tmut/Erth      #.......     21%         2    #......
 Throw Icicle             Conj/Ice       ###.....     24%         4    ####...
 Stone Arrow              Conj/Erth      #.....       26%         3    ###....
 Summon Ice Beast         Ice/Summ       ###.....     36%         4    ####...
 Petrify                  Tmut/Erth      #.......     78%         4    ####...
 Lee's Rapid Deconstruct  Erth           #.........   98%         5    ######.


Dungeon Overview and Level Annotations

Branches:
Dungeon (9/15)             Temple (1/1) D:5
   Lair: D:8-11         Orc: D:9-12

Altars:
Ashenzari
Elyvilon
Fedhas
Gozag
Hepliaklqana
Kikubaaqudgha
Makhleb
Qazlal
Ru
Trog
Vehumet
Zin
The Shining One

Shops:
D:6 =

Annotations:
D:3 Sigmund
D:4 1 runed door


Message History

* * * LOW HITPOINT WARNING * * *
You feel sick.
The hornet stings you but does no damage.
The hornet completely misses you.
A red film seems to cover your vision as you go berserk!
You feel yourself moving faster!
You feel mighty!
You feel sick. The hornet stings you!
* * * LOW HITPOINT WARNING * * *
You are more poisoned.
You feel yourself slow down.
The hornet stings you but does no damage.
Unknown command.
You miss the hornet.
The hornet is severely wounded.
* * * LOW HITPOINT WARNING * * *
You feel sick. The hornet stings you.
* * * LOW HITPOINT WARNING * * *
You are more poisoned.
You suddenly lose the ability to move!
You die...

....###(..........#####+#+####
....+.............#..........####
....#.(...........#........).#...
.............................+...
............##...............#.##
##..........##.......#####......#
#....########.......# #......'
#....########.......# #......#
#....#.........@y...# #......#
###.)#........#####.## #......#
##.#..#........# #..########..#
#.###))........# ##..#.#.# ####
##.##.########## #..##a# ##.#.#
#....#.# ##..# ##.##(#.# ####
#.######### ##.# #..##


You could see a hornet.

Vanquished Creatures
  2 hippogriffs
  A wyvern (D:9)
  A hungry ghost (D:9)
  Eustachio (D:6)
  Duvessa (D:6)
  A black bear (D:9)
  2 orc warriors
  2 ice beasts (D:8)
  2 sky beasts
  7 ogres
  2 phantoms
  A big kobold (D:8)
  3 bullfrogs
  Dowan (D:6)
  A scorpion (D:6)
  4 wights (D:8)
  5 killer bees (D:8)
  3 howler monkeys
  4 crimson imps
  A jelly (D:6)
  7 orc priests
  7 hounds
  A bullfrog skeleton (D:6)
  7 orc wizards
  2 iguanas
  Terence (D:2)
  9 worker ants
  2 hound skeletons
  11 adders
  10 gnolls
  2 shadow imps
  An ooze (D:4)
  3 adder skeletons
  An adder zombie (D:9)
  2 worms
  3 dart slugs
  3 leopard geckos
  22 orcs
  3 bats
  8 giant cockroaches
  7 goblins
  2 hobgoblins (D:3)
  16 jackals
  13 kobolds
  2 quokkas
  2 ball pythons (D:4)
  4 frilled lizards
  A leopard gecko skeleton (D:4)
  A quokka zombie (D:5)
  11 rats
  A fungus (D:4)
210 creatures vanquished.

Vanquished Creatures (others)
  A plant (D:4)
1 creature vanquished.

Grand Total: 211 creatures vanquished

Notes
Turn   | Place    | Note
-------+----------+-------------------------------------------
     0 | D:1      | tilp the Merfolk Ice Elementalist began the quest for the
                  | Orb.
     0 | D:1      | Reached XP level 1. HP: 13/13 MP: 3/3
   138 | D:1      | Reached XP level 2. HP: 10/19 MP: 0/5
   145 | D:1      | Learned a level 2 spell: Throw Frost
   915 | D:2      | Reached XP level 3. HP: 24/24 MP: 6/6
  1176 | D:2      | Learned a level 3 spell: Ozocubu's Armour
  1307 | D:2      | Reached skill level 5 in Ice Magic
  1334 | D:2      | Reached XP level 4. HP: 6/30 MP: 3/7
  1967 | D:2      | Noticed Terence
  1980 | D:2      | Killed Terence
  2072 | D:2      | Reached XP level 5. HP: 35/35 MP: 8/8
  2363 | D:3      | Reached skill level 1 in Polearms
  2387 | D:3      | Noticed Sigmund
  2779 | D:3      | Reached skill level 1 in Fighting
  2779 | D:3      | Reached skill level 2 in Polearms
  2812 | D:3      | Reached skill level 3 in Polearms
  2951 | D:3      | Reached XP level 6. HP: 36/43 MP: 9/9
  3169 | D:3      | Reached skill level 4 in Polearms
  3825 | D:3      | Reached skill level 5 in Polearms
  3825 | D:3      | Reached XP level 7. HP: 19/51 MP: 2/10
  4692 | D:4      | Reached skill level 6 in Polearms
  5043 | D:4      | Found a stormy altar of Qazlal.
  5049 | D:4      | Found an opulent altar of Gozag.
  5050 | D:4      | Found a sacrificial altar of Ru.
  5050 | D:4      | Found a glowing golden altar of the Shining One.
  5053 | D:4      | Found a white marble altar of Elyvilon.
  5136 | D:4      | Found an ancient bone altar of Kikubaaqudgha.
  5136 | D:4      | Found a blossoming altar of Fedhas.
  5213 | D:4      | Reached skill level 5 in Dodging
  5517 | D:4      | Reached skill level 7 in Polearms
  5712 | D:4      | Found a runed door.
  5735 | D:5      | Entered Level 5 of the Dungeon
  5845 | D:5      | Reached XP level 8. HP: 21/60 MP: 4/11
  6118 | D:5      | Reached skill level 8 in Polearms
  6250 | D:5      | Found a bloodstained altar of Trog.
  6378 | D:5      | Found a staircase to the Ecumenical Temple.
  6392 | Temple   | Entered the Ecumenical Temple
  6457 | Temple   | Became a worshipper of Makhleb the Destroyer
  6672 | D:6      | Reached skill level 9 in Polearms
  6845 | D:6      | Noticed Eustachio
  6878 | D:5      | Reached skill level 1 in Conjurations
  7081 | D:6      | Found Rowudirph's Jewellery Emporium.
  7095 | D:6      | Reached skill level 1 in Charms
  7095 | D:6      | Reached skill level 1 in Invocations
  7192 | D:6      | Killed Eustachio
  7192 | D:6      | Reached skill level 1 in Evocations
  7298 | D:6      | Found a hazy altar of Hepliaklqana.
  7466 | D:6      | Reached XP level 9. HP: 65/65 MP: 7/12
  7474 | D:6      | Noticed Duvessa
  7502 | D:6      | Reached skill level 10 in Polearms
  8331 | D:6      | Killed Duvessa
  8340 | D:6      | Noticed Dowan
  8351 | D:6      | Killed Dowan
  8487 | D:7      | Upgraded the game from 0.23-a0-207-g93a313e to
                  | 0.23-a0-208-gb6b040f
  8842 | D:7      | Reached * piety under Makhleb
  9473 | D:8      | Reached skill level 11 in Polearms
  9933 | D:8      | Reached ** piety under Makhleb
 10017 | D:8      | Reached XP level 10. HP: 53/71 MP: 12/16
 10586 | D:8      | Reached skill level 12 in Polearms
 11646 | D:9      | HP: 3/106 [ogre/giant club (21)]
 12020 | D:9      | Paralysed by fainting for 12 turns
 12167 | D:9      | HP: 5/108 [hornet (8)]
 12168 | D:9      | HP: 2/108 [hornet (2)]
 12168 | D:9      | Paralysed by a hornet for 2 turns
 12169 | D:9      | Succumbed to a hornet's poison

Vault maps used:
D:1:      lemuel_arrival_behind_the_door_small, bh_walls_and_bars
D:2:      uniq_terence
D:3:      cheibrodos_gnoll_hut, uniq_sigmund
D:4:      minitemple, grunt_temple_overflow_growth_and_decay, st_stairs_1,
          uniq_crazy_yiuf_cottage
D:5:      minmay_temple_entry_crystal_x, first_ration, supply_closet_lemuel,
          trog_three_pillars_becter
D:6:      basic_altar, serial_shops, shop, uniq_duvessa, uniq_eustachio
D:8:      serial_curves, eino_curves_03, eino_curves_01, eino_curves_01
D:9:      lair_entry_dummy, hangedman_pestilent_swarm, amethyst_killhole,
          hangedman_decor_clover_reticule
Temple:   regret_index_temple_generic_petals

Skill      XL: |  1  2  3  4  5  6  7  8  9 10 |
---------------+-------------------------------+-----
Ice Magic      | 4 5 6 |  6.0
Polearms       | 3 5 7 9 11 12 | 12.5
Dodging        | 3 4 5 6 |  6.3
Fighting       | 1 2 3 4 |  4.2
Conjurations   | 1 2 |  2.0
Charms         | 1 3 4 |  4.0
Invocations    | 1 3 4 |  4.7
Evocations     | 1 3 4 |  4.0
Spellcasting   | 4 |  4.6
Stealth        | |  2.1

Action                   |  1- 3 |  4- 6 |  7- 9 | 10-12 || total
-------------------------+-------+-------+-------+-------++-------
Melee: Unarmed           |    11 |       |       |       ||    11
       Short sword       |    73 |     7 |       |       ||    80
       Spear             |       |   114 |   432 |       ||   546
       Halberd           |       |       |   130 |   182 ||   312
Throw: Stone             |       |     1 |       |       ||     1
       Javelin           |       |       |     9 |     5 ||    14
 Cast: Freeze            |    25 |    52 |    82 |    11 ||   170
       Throw Frost       |       |     2 |     6 |     5 ||    13
       Ozocubu's Armour  |       |     2 |    17 |     6 ||    25
  Use: Potion            |       |     1 |       |     4 ||     5
       Scroll            |       |     6 |    11 |     2 ||    19
 Stab: Sleeping          |     4 |     3 |     9 |     2 ||    18
  Eat: Chunk             |     2 |     8 |    14 |     6 ||    30
       Ration            |       |       |     3 |     2 ||     5
Armor: Robe              |    24 |    31 |   122 |    57 ||   234
       Skin              |       |       |       |    11 ||    11
Dodge: Dodged            |    72 |   110 |   356 |   121 ||   659
Block: Other             |       |       |    44 |    13 ||    57
       Reflection        |       |       |     1 |       ||     1

Table legend:
 A = Non-vault XP
 B = Vault XP
 C = Vault XP percentage of total XP
 D = Non-vault monster count
 E = Vault monster count
 F = Vault count percentage of total count
                 A         B        C        D         E       F
            +---------+---------+-------+---------+---------+-------
      Total |    6028 |     597 |   9.0 |     200 |       9 |   4.3
            +---------+---------+-------+---------+---------+-------
        D:1 |      33 |       0 |   0.0 |      18 |       0 |   0.0
        D:2 |     112 |      36 |  24.3 |      21 |       1 |   4.5
        D:3 |     380 |      99 |  20.7 |      40 |       3 |   7.0
        D:4 |     429 |      40 |   8.5 |      17 |       2 |  10.5
        D:5 |     418 |       0 |   0.0 |      14 |       0 |   0.0
        D:6 |    1072 |     422 |  28.2 |      23 |       3 |  11.5
        D:7 |     630 |       0 |   0.0 |      15 |       0 |   0.0
        D:8 |    1693 |       0 |   0.0 |      32 |       0 |   0.0
        D:9 |    1261 |       0 |   0.0 |      20 |       0 |   0.0
            +---------+---------+-------+---------+---------+-------
